 Dungeon Crawl Stone Soup version 0.31-a0-187-gba352fbbf7 (webtiles) character file.

Game seed: 7255736121312107733

2604 qw the Skirmisher (level 9, -4/51 HPs)
             Began as a Deep Elf Hunter on June 22, 2023.
             Slain by a yak (11 damage)
             ... on level 7 of the Dungeon.
             The game lasted 00:01:59 (4795 turns).

qw the Skirmisher (Deep Elf Hunter)                 Turns: 4795, Time: 00:02:00

Health: -4/51      AC:  6    Str: 12    XL:     9   Next: 33%
Magic:  11/11      EV: 16    Int: 15    God:
Gold:   410        SH:  0    Dex: 21    Spells: 8/8 levels left

rFire   . . .        e - +5 longbow of Oca Tail {drain, Dex+3}
rCold   . . .        (shield currently unavailable)
rNeg    . . .        o - +1 leather armour "Giysm" {SInv}
rPois   .            f - +0 helmet
rElec   .            j - +0 cloak
rCorr   +            (no gloves)
SInv    +            (no boots)
Will    .....        d - amulet of the acrobat
Stlth   ++           h - ring of resist corrosion
HPRegen 0.28/turn    (no ring)
MPRegen 0.12/turn

%: acrobat
@: lethally poisoned (-4 -> -5), about to teleport, marked
A: no striking features
a: no special abilities


You were on level 7 of the Dungeon.
You visited 1 branch of the dungeon, and saw 7 of its levels.

You collected 410 gold pieces.


   Skills:
 - Level 3.2 Fighting
 + Level 14.9 Ranged Weapons
 - Level 1.3 Armour
 - Level 6.3 Dodging
 - Level 1.2 Stealth


You had 8 spell levels left.
You didn't know any spells.
Your spell library was empty.

Inventory:

Hand Weapons
 e - the +5 longbow of Oca Tail (weapon) {drain, Dex+3}
   (You acquired it on level 3 of the Dungeon)

   Dex:       It affects your dexterity (+3).
Armour
 b - a +0 ring mail
 f - a +0 helmet (worn)
 j - a +0 cloak (worn)
 o - the +1 leather armour "Giysm" (worn) {SInv}
   (You found it on level 2 of the Dungeon)

   SInv:      It lets you see invisible.
 q - a +0 scale mail of fire resistance
Jewellery
 a - a ring of ice
 d - an amulet of the acrobat (around neck)
 h - a ring of resist corrosion (left hand)
Wands
 m - a wand of digging (9)
Scrolls
 k - 2 scrolls of identify
 l - 4 scrolls of teleportation
Potions
 c - a potion of might
 g - a potion of mutation
 i - 2 potions of curing
 n - 2 potions of heal wounds
 p - a potion of enlightenment

Dungeon Overview and Level Annotations

Branches:
Dungeon (7/15)
 Temple: D:4-7

Altars:
Dithmenos
Gozag
Makhleb
Ru

Shops:
D:4 (   D:6 ::

Annotations:
D:5 2 transporters, qw's ghost, novice NaHu


Message History

The kobold brigand throws a poisoned dart.
The poisoned dart hits you!
You are more poisoned.
You shoot an arrow. The arrow closely misses the kobold.
You feel very sick.
A yak comes into view.
You shoot an arrow. The arrow hits the kobold.
You drain the kobold.
You kill the kobold!
You feel very sick.
You shoot an arrow.
The arrow closely misses the kobold brigand.
You feel very sick.
You shoot an arrow. The arrow hits the yak.
You drain the yak.
The yak is lightly wounded.
You feel sick. The yak gores you. The kobold misses you.
You shoot an arrow. The arrow hits the kobold brigand!
You kill the kobold brigand!
You feel sick. The yak completely misses you. The kobold barely misses you.
The kobold hits you with a +0 short sword.
You shoot an arrow. The arrow hits the yak!
The yak is heavily wounded.
You feel sick. The yak misses you. The kobold hits you but does no damage.
You shoot an arrow. The arrow hits the yak!!
You drain the yak!
You kill the yak!
You feel sick. The kobold barely misses you.
You shoot an arrow. The arrow hits the yak.
The yak is lightly wounded.
You feel sick. The yak gores you. The yak misses you.
The kobold closely misses you.
You shoot an arrow. The arrow hits the yak.
The yak is lightly wounded.
You feel sick. The yak completely misses you. The kobold completely misses you.
A shadow imp comes into view.
The yak gores you! The kobold barely misses you.
4795 ||| READING 5 scrolls of teleportation.
As you read the scroll of teleportation, it crumbles to dust.
You feel strangely unstable.
You feel sick. The yak barely misses you.
The kobold hits you but does no damage. The yak gores you!
You die...

.....................
>....!..................
........................
........................
)...........:...........
........................
.....................%..
......K.................
.....))@.............###
......KYY............# #
.....................# #
.....................#
.....................#
.....................#
............5...)....#
.....................#


You could see 2 yaks, a shadow imp and 2 kobolds.

Vanquished Creatures
  A yak (D:7)
  3 water moccasins
  An orc warrior (D:7)
  A sky beast (D:7)
  A black bear (D:6)
  3 ogres
  2 centaurs
  A phantom (D:6)
  2 kobold brigands (D:7)
  A bullfrog (D:7)
  3 gnoll sergeants
  4 scorpions
  A howler monkey (D:7)
  An orc priest (D:3)
  3 hounds
  A gnoll bouda (D:7)
  A jelly (D:5)
  2 orc wizards (D:7)
  Ijyb (D:3)
  2 iguanas (D:6)
  Robin (D:3)
  10 adders
  18 gnolls
  2 white imps (D:6)
  An ufetubus (D:7)
  4 worms (D:2)
  3 dart slugs
  18 orcs
  9 endoplasms
  3 giant cockroaches
  11 goblins
  8 hobgoblins
  4 jackals
  4 quokkas
  3 training dummies (D:4)
  7 ball pythons
  3 bats
  4 frilled lizards
  14 kobolds
  2 rats
164 creatures vanquished.

Notes
Turn   | Place    | Note
-------+----------+-------------------------------------------
     0 | D:1      | qw the Deep Elf Hunter began the quest for the Orb.
     0 | D:1      | Reached XP level 1. HP: 12/12 MP: 3/3
     0 | D:1      | 0 ||| qw: Version: 0.3-a-9-g12657ce
     0 | D:1      | 0 ||| qw: Game counter: 2269
     0 | D:1      | 0 ||| qw: Always use a shield: true
     0 | D:1      | 0 ||| qw: God list: Okawaru
     0 | D:1      | 0 ||| qw: Allow faded altars: false
     0 | D:1      | 0 ||| qw: Do Orc after D:15 true
     0 | D:1      | 0 ||| qw: Do second Lair branch before Depths: true
     0 | D:1      | 0 ||| qw: Lair rune preference: random
     0 | D:1      | 0 ||| qw: Plans: Normal
     0 | D:1      | 0 ||| PLANNING D:1-11
   160 | D:1      | Reached XP level 2. HP: 16/16 MP: 4/4
   172 | D:1      | Reached skill level 6 in Ranged Weapons
   400 | D:1      | Found a faded altar of an unknown god.
   838 | D:1      | 838 ||| UPGRADING to +0 cloak.
   843 | D:1      | 843 ||| UPGRADING to amulet of the acrobat.
   848 | D:1      | 848 ||| READING scroll labelled ECUVVA BOUTS.
   851 | D:1      | 851 ||| READING scroll labelled ASAGOG FAAZ.
   852 | D:1      | 852 ||| READING 3 scrolls labelled KOTOIF AZAZXA.
   853 | D:1      | 853 ||| READING scroll labelled LISUAV RYUMU.
   954 | D:1      | 954 ||| READING 2 scrolls of identify.
   954 | D:1      | 954 ||| IDENTIFYING murky white potion
   955 | D:1      | 955 ||| DROPPING scroll of butterflies.
   956 | D:1      | 956 ||| DROPPING potion of lignification.
   981 | D:2      | 981 ||| STAIRDANCE
  1032 | D:2      | Reached XP level 3. HP: 20/20 MP: 5/5
  1049 | D:2      | Found a sacrificial altar of Ru.
  1097 | D:2      | Reached skill level 7 in Ranged Weapons
  1109 | D:2      | Identified the +1 sling "Conservator" {drain, Will++ Dex-5}
  1111 | D:2      | 1111 ||| DROPPING +1 sling "Conservator" {drain, Will++
                  | Dex-5}.
  1160 | D:2      | Reached XP level 4. HP: 25/25 MP: 6/6
  1263 | D:2      | Identified the +1 leather armour "Giysm" {SInv}
  1497 | D:2      | 1497 ||| UPGRADING to +1 leather armour "Giysm" {SInv}.
  1507 | D:2      | 1507 ||| DROPPING +0 leather armour.
  1508 | D:2      | 1508 ||| DROPPING ring of flight.
  1509 | D:2      | 1509 ||| READING scroll labelled MIATUD EMEUGU.
  1510 | D:2      | 1510 ||| READING scroll labelled CAHORYROLE.
  1511 | D:2      | 1511 ||| READING 4 scrolls labelled ISUETHR DICKINA.
  1512 | D:2      | 1512 ||| READING 3 scrolls of enchant weapon.
  1512 | D:2      | 1512 ||| ENCHANTING +1 shortbow of flaming.
  1513 | D:2      | 1513 ||| READING 2 scrolls of enchant weapon.
  1513 | D:2      | 1513 ||| ENCHANTING +2 shortbow of flaming.
  1514 | D:2      | 1514 ||| READING scroll of enchant weapon.
  1514 | D:2      | 1514 ||| ENCHANTING +3 shortbow of flaming.
  1515 | D:2      | 1515 ||| DRINKING 2 bubbling red potions.
  1516 | D:2      | 1516 ||| DROPPING potion of attraction.
  1555 | D:3      | Reached skill level 8 in Ranged Weapons
  1636 | D:3      | Noticed Robin
  1640 | D:3      | Killed Robin
  1644 | D:3      | Reached XP level 5. HP: 29/29 MP: 7/7
  1800 | D:3      | Reached skill level 9 in Ranged Weapons
  1804 | D:3      | 1804 ||| READING scroll of brand weapon.
  1804 | D:3      | 1804 ||| BRANDING +4 shortbow of flaming.
  1907 | D:3      | 1907 ||| Stepping ~*~*~tactically~*~*~ (outnumbered).
  1912 | D:3      | Reached skill level 3 in Dodging
  1919 | D:3      | Noticed Ijyb
  1926 | D:3      | Killed Ijyb
  1927 | D:3      | Reached XP level 6. HP: 35/35 MP: 8/8
  2134 | D:3      | 2134 ||| UPGRADING to +0 helmet.
  2139 | D:3      | 2139 ||| READING scroll labelled LEEM YFASK.
  2139 | D:3      | Identified a scroll of acquirement
  2139 | D:3      | 2139 ||| ACQUIRING +5 longbow of Oca Tail {drain, Dex+3}
  2139 | D:3      | Acquired the +5 longbow of Oca Tail {drain, Dex+3}
  2141 | D:3      | 2141 ||| SWAPPING to +5 longbow of Oca Tail {drain, Dex+3}.
  2142 | D:3      | 2142 ||| DROPPING +4 shortbow of draining.
  2143 | D:3      | 2143 ||| READING scroll labelled SOCYGIO NOMEA.
  2144 | D:3      | 2144 ||| DRINKING 2 smoky red potions.
  2148 | D:3      | 2148 ||| DRINKING 3 black potions.
  2149 | D:3      | 2149 ||| READING 2 scrolls of identify.
  2149 | D:3      | 2149 ||| IDENTIFYING grey potion
  2150 | D:3      | 2150 ||| DROPPING potion of ambrosia.
  2322 | D:4      | Found a shadowy altar of Dithmenos.
  2561 | D:4      | Found Direicod's Firing Range.
  2569 | D:4      | 2569 ||| SHOPLISTING +2 triple crossbow of freezing (360
                  | gold, have 177).
  2588 | D:4      | 2588 ||| READING 2 scrolls labelled BAUTAO SYHIMA.
  2589 | D:4      | 2589 ||| READING scroll labelled OTHAUP POUPONI.
  2590 | D:4      | 2590 ||| DRINKING 2 silvery potions.
  2591 | D:4      | 2591 ||| DRINKING 2 golden potions.
  2592 | D:4      | 2592 ||| DROPPING scroll of vulnerability.
  2594 | D:4      | 2594 ||| Stepping ~*~*~tactically~*~*~ (cloud).
  2724 | D:5      | Entered Level 5 of the Dungeon
  2728 | D:5      | Reached skill level 10 in Ranged Weapons
  2771 | D:5      | Noticed an ice beast
  2777 | D:5      | Noticed qw's ghost (novice NaHu)
  2778 | D:5      | Found a transporter.
  2782 | D:5      | Found a transporter.
  2786 | D:5      | Reached XP level 7. HP: 40/40 MP: 9/9
  2860 | D:5      | 2860 ||| FLEEEEING.
  2861 | D:5      | 2861 ||| FLEEEEING.
  2862 | D:5      | 2862 ||| FLEEEEING.
  2863 | D:5      | 2863 ||| FLEEEEING.
  2864 | D:5      | 2864 ||| FLEEEEING.
  2865 | D:5      | 2865 ||| FLEEEEING.
  2866 | D:5      | 2866 ||| FLEEEEING.
  2867 | D:5      | 2867 ||| FLEEEEING.
  2868 | D:5      | 2868 ||| FLEEEEING.
  2869 | D:5      | 2869 ||| FLEEEEING.
  2870 | D:5      | 2870 ||| FLEEEEING.
  2871 | D:5      | 2871 ||| FLEEEEING.
  2872 | D:5      | 2872 ||| FLEEEEING.
  2873 | D:5      | 2873 ||| FLEEEEING.
  2874 | D:5      | 2874 ||| FLEEEEING.
  2875 | D:5      | 2875 ||| FLEEEEING.
  2900 | D:5      | Reached skill level 11 in Ranged Weapons
  3282 | D:5      | Found a burning altar of Makhleb.
  3460 | D:5      | 3460 ||| DROPPING +0 scale mail.
  3461 | D:5      | 3461 ||| READING scroll labelled UROXEJ SEFUSH.
  3462 | D:5      | 3462 ||| READING scroll labelled HAL PONIOSO.
  3463 | D:5      | 3463 ||| READING 2 scrolls labelled QAT PORRAM.
  3464 | D:5      | 3464 ||| READING 2 scrolls of identify.
  3464 | D:5      | 3464 ||| IDENTIFYING sapphire potion
  3465 | D:5      | 3465 ||| DROPPING scroll of blinking.
  3532 | D:6      | Found Ifife's Book Shop.
  3545 | D:6      | 3545 ||| FLEEEEING.
  3599 | D:6      | 3599 ||| Stepping ~*~*~tactically~*~*~ (outnumbered).
  3601 | D:6      | 3601 ||| Stepping ~*~*~tactically~*~*~ (outnumbered).
  3608 | D:6      | Reached XP level 8. HP: 40/44 MP: 10/10
  3668 | D:6      | Reached skill level 12 in Ranged Weapons
  3686 | D:6      | Reached skill level 3 in Fighting
  3702 | D:6      | Found an opulent altar of Gozag.
  3730 | D:6      | Reached skill level 1 in Armour
  3839 | D:6      | Found a sacrificial altar of Ru.
  3942 | D:6      | Found Osihekhu's Self-Improvement Boutique.
  4224 | D:6      | Reached skill level 13 in Ranged Weapons
  4336 | D:6      | 4336 ||| DROPPING +1 hat.
  4337 | D:6      | 4337 ||| UPGRADING to ring of resist corrosion.
  4391 | D:7      | Reached skill level 6 in Dodging
  4446 | D:7      | Reached XP level 9. HP: 51/51 MP: 11/11
  4472 | D:7      | 4472 ||| Stepping ~*~*~tactically~*~*~ (outnumbered).
  4551 | D:7      | Reached skill level 14 in Ranged Weapons
  4794 | D:7      | HP: 7/51 [yak (11)]
  4795 | D:7      | 4795 ||| READING 5 scrolls of teleportation.
  4795 | D:7      | Slain by a yak

Levels and vault maps discovered:
D:1:      amcnicky_arrival_single_pillar, layout_basic,
          ebering_ecumenical_altar_abandoned, minivault_4
D:2:      cheibrodos_old_hovel, layout_basic, basic_altar, grunt_ministairs_5
D:3:      minmay_general_purpose_star, layout_basic, uniq_ijyb, uniq_robin
D:4:      layout_rooms, kennysheep_mini_moat, nicolae_shop_firing_range
D:5:      layout_gridville, lightli_temple_of_fire, gammafunk_ghost_arena
D:6:      layout_loops_ring, nicolae_ru_awakened_eye,
          nicolae_gozag_cash_rules_everything_around_me, serial_shops,
          nicolae_book_shop_shelving, nicolae_shop_self_help
D:7:      layout_basic, minmay_temple_entry_ruins

Skill      XL: |  1  2  3  4  5  6  7  8  9 |
---------------+----------------------------+-----
Ranged Weapons | 6 7 8 9 10 11 13 14 | 14.9
Dodging        | 3 4 5 6 |  6.3
Fighting       | 2 3 |  3.2
Armour         | 1 |  1.3
Stealth        | |  1.2

Action                     |  1- 3 |  4- 6 |  7- 9 || total
---------------------------+-------+-------+-------++-------
   Fire: Shortbow          |    65 |   104 |       ||   169
         Longbow           |       |    31 |   161 ||   192
    Use: Scroll            |     5 |    12 |     5 ||    22
         Potion            |       |     5 |       ||     5
 Armour: Leather armour    |     1 |     7 |     8 ||    16
  Dodge: Dodged            |     6 |    12 |    49 ||    67

Table legend:
 A = Non-vault XP
 B = Vault XP
 C = Vault XP percentage of total XP
 D = Non-vault monster count
 E = Vault monster count
 F = Vault count percentage of total count
                 A         B        C        D         E       F
            +---------+---------+-------+---------+---------+-------
      Total |    3578 |     142 |   3.8 |     142 |      22 |  13.4
            +---------+---------+-------+---------+---------+-------
        D:1 |      28 |       0 |   0.0 |      16 |       0 |   0.0
        D:2 |     107 |       9 |   7.8 |      22 |       3 |  12.0
        D:3 |     117 |     127 |  52.0 |      23 |      16 |  41.0
        D:4 |     140 |       6 |   4.1 |      13 |       3 |  18.8
        D:5 |     671 |       0 |   0.0 |      13 |       0 |   0.0
        D:6 |    1082 |       0 |   0.0 |      23 |       0 |   0.0
        D:7 |    1433 |       0 |   0.0 |      32 |       0 |   0.0
            +---------+---------+-------+---------+---------+-------
